 Dungeon Crawl Stone Soup version 0.27.1-4-g1640c2035a (webtiles) character file.

Game seed: 9406430844966303792

246 iamoutofideas the Magician (level 5, -2/28 HPs)
             Began as a Deep Elf Fire Elementalist on Nov 4, 2021.
             Killed from afar by Ijyb (10 damage)
             ... with an iceblast
             ... on level 3 of the Dungeon.
             The game lasted 00:03:33 (2720 turns).

iamoutofideas the Magician (DEFE)                   Turns: 2720, Time: 00:03:34

Health: -2/28      AC:  8    Str:  5    XL:     5   Next: 84%
Magic:  9/15       EV: 13    Int: 21    God:
Gold:   127        SH:  0    Dex: 15    Spells: 7/15 levels left

rFire    . . .     SeeInvis .   (no weapon)
rCold    . . .     Faith    .   (no shield)
rNeg     . . .     Spirit   .   a - +0 robe
rPois    .         Reflect  .   e - +0 helmet
rElec    .         Harm     .   (no cloak)
rCorr    .         Rampage  .   k - +0 pair of gloves
Will     .....                  (no boots)
Stlth    ++........             (no amulet)
HPRegen  0.09/turn              c - +4 ring of protection
MPRegen  0.14/turn              (no ring)

@: flying
A: no striking features
a: no special abilities


You were on level 3 of the Dungeon.
You visited 1 branch of the dungeon, and saw 3 of its levels.

You collected 127 gold pieces.

Inventory:

Missiles
 i - 13 poisoned darts
Armour
 a - a +0 robe (worn)
 e - a +0 helmet (worn)
 k - a +0 pair of gloves (worn)
Jewellery
 c - a +4 ring of protection (left hand)
Scrolls
 b - a scroll of amnesia {unknown}
 g - 2 scrolls of identify {unknown}
Potions
 d - a potion of flight
 f - a potion of lignification {unknown}
 h - a potion of haste {unknown}
 j - a potion of might {unknown}


   Skills:
 + Level 2.7 Dodging
 + Level 3.1 Stealth
 * Level 5.9 Spellcasting
 + Level 2.7 Conjurations
 + Level 4.7 Fire Magic


You had 7 spell levels left.
You knew the following spells:

 Your Spells              Type           Power      Damage    Failure   Level
a - Foxfire               Conj/Fire      84%        2x1d8     2%          1
b - Shock                 Conj/Air       44%        1d5       5%          1
c - Conjure Flame         Conj/Fire      21%        6-21      6%          3
d - Swiftness             Air            6%         N/A       30%         3

Your spell library contained the following spells:

 Spells                   Type           Power      Damage    Failure   Level
 Inner Flame              Hex/Fire       16%        N/A       11%         3
 Corpse Rot               Necr/Air       N/A        N/A       16%         2
 Sticky Flame             Conj/Fire      21%        2d4       22%         4
 Portal Projectile        Hex/Tloc       12%        N/A       30%         3
 Fireball                 Conj/Fire      10%        3d6       52%         5
 Airstrike                Air            3%         N/A       69%         4
 Dispel Undead            Necr           6%         3d8       69%         4
 Blade Hands              Tmut           3%         N/A       95%         5
 Excruciating Wounds      Necr           3%         N/A       95%         5
 Death Channel            Necr           3%         N/A       100%        6


Dungeon Overview and Level Annotations

Branches:
Dungeon (3/15)

Altars:

Annotations:
D:3 Ijyb


Message History

Confirm with . or Enter, or press ? or * to list all spells.
You conjure some foxfire!
Unknown command.
Casting: Foxfire (safe; 2% risk of failure)
Confirm with . or Enter, or press ? or * to list all spells.
There is not enough space to conjure foxfire!
Your foxfire dissipates!
The foxfire hits Ijyb but does no damage.
Ijyb is moderately wounded.
Ijyb zaps a wand.
The mass of ice explodes!
The iceblast engulfs you.
Casting: Foxfire (safe; 2% risk of failure)
Confirm with . or Enter, or press ? or * to list all spells.
Aiming: Shock (safe; 5% risk of failure)
Press: ? - help, Shift-Dir - straight line The zap hits Ijyb.
Ijyb is heavily wounded.
The zap misses Ijyb.
Unknown command.
Casting: Shock (safe; 5% risk of failure)
Confirm with . or Enter, or press ? or * to list all spells.
Aiming: Shock (safe; 5% risk of failure)
Press: ? - help, Shift-Dir - straight line The zap hits Ijyb.
Ijyb is heavily wounded.
The zap hits Ijyb.
Ijyb is severely wounded.
Ijyb zaps a wand.
The mass of ice explodes!
The iceblast engulfs you!
* * * LOW HITPOINT WARNING * * *
Unknown command.
Casting: Shock (safe; 5% risk of failure)
Confirm with . or Enter, or press ? or * to list all spells.
You conjure some foxfire!
The foxfire hits Ijyb but does no damage.
Ijyb is severely wounded.
Your foxfire dissipates!
It was a potion of flight.
You feel very buoyant.
You fly up into the air.
Ijyb zaps a wand.
The mass of ice explodes!
The iceblast engulfs you!
You die...

######### #........
#g####### #.########
#@##.....#
#.##.....######
#.#.....<'....#
#.#......###.#####
#.#.#......#<.....
######.#)#.#.##.#.#####
........>.#.#.######
.##.......#<###
#.......#..


You could see Ijyb.

Vanquished Creatures
  Sigmund (D:2)
  3 adders (D:2)
  A worm (D:2)
  3 dart slugs (D:1)
  An orc (D:3)
  6 ball pythons
  5 endoplasms
  2 giant cockroaches
  9 goblins
  4 hobgoblins (D:2)
  8 kobolds
  A quokka (D:1)
  3 bats
  4 frilled lizards
  8 rats
59 creatures vanquished.

Vanquished Creatures (others)
  228 foxfires
  A withered plant (D:3)
229 creatures vanquished.

Grand Total: 288 creatures vanquished

Notes
Turn   | Place    | Note
-------+----------+-------------------------------------------
     0 | D:1      | iamoutofideas the Deep Elf Fire Elementalist began the
                  | quest for the Orb.
     0 | D:1      | Reached XP level 1. HP: 10/10 MP: 6/6
    93 | D:1      | Reached XP level 2. HP: 15/15 MP: 4/8
   661 | D:1      | Reached XP level 3. HP: 15/19 MP: 5/10
  1463 | D:2      | Learned a level 1 spell: Shock
  1467 | D:2      | Learned a level 3 spell: Conjure Flame
  1471 | D:2      | Learned a level 3 spell: Swiftness
  1712 | D:2      | Reached skill level 4 in Spellcasting
  1847 | D:2      | Reached XP level 4. HP: 24/24 MP: 6/12
  2051 | D:2      | Noticed Sigmund
  2058 | D:2      | Killed Sigmund
  2059 | D:2      | Reached skill level 5 in Spellcasting
  2059 | D:2      | Reached XP level 5. HP: 25/28 MP: 5/15
  2707 | D:3      | Noticed Ijyb
  2720 | D:3      | Killed from afar by Ijyb

Illustrated notes

Levels and vault maps discovered:
D:1:      dpeg_arrival_rooms_b, layout_basic
D:2:      minmay_general_purpose_star, layout_basic, grunt_decor_cap,
          minivault_19, minmay_heptomino_l4, uniq_sigmund
D:3:      layout_basic, mainiacjoe_overflow_boulevard,
          ebering_ecumenical_altar_petrified, uniq_crazy_yiuf_cottage,
          uniq_jessica, uniq_ijyb

Skill      XL: |  1  2  3  4 |
---------------+-------------+-----
Fire Magic     | 4 |  4.7
Spellcasting   | 4 5 |  5.9
Stealth        | 3 |  3.1
Conjurations   | 2 |  2.7
Dodging        | |  2.7

Action                   |  1- 3 |  4- 6 || total
-------------------------+-------+-------++-------
Melee: Unarmed           |     1 |       ||     1
 Cast: Foxfire           |   106 |    43 ||   149
       Shock             |       |     2 ||     2
  Use: Potion            |       |     1 ||     1
Armor: Robe              |     5 |     2 ||     7
Dodge: Dodged            |    16 |     4 ||    20
